 Dungeon Crawl Stone Soup version 0.27.1 (webtiles) character file.

Game seed: 662519474441223886

483 nxtlvl the Chopper (level 6, -6/76 HPs)
             Began as a Draconian Berserker on Aug 21, 2021.
             Was a Believer of Trog.
             Mangled by an orc warrior (15 damage)
             ... on level 8 of the Dungeon.
             The game lasted 00:09:28 (1058 turns).

nxtlvl the Chopper (Draconian Berserker)            Turns: 1058, Time: 00:09:29

Health: -6/76      AC:  7    Str: 19    XL:     6   Next: 88%
Magic:  6/6        EV: 12    Int:  8    God:    Trog [**....]
Gold:   160        SH:  0    Dex: 12    Spells: 5/5 levels left

rFire    . . .     SeeInvis .   a - +0 hand axe
rCold    . . .     Faith    .   (no shield)
rNeg     . . .     Spirit   .   (armour unavailable)
rPois    +         Reflect  .   (helmet restricted)
rElec    .         Harm     .   (no cloak)
rCorr    .         Rampage  .   c - +0 pair of gloves
Will     .....                  (no boots)
Stlth    ..........             (no amulet)
HPRegen  0.22/turn              n - ring of poison resistance
MPRegen  0.10/turn              (no ring)

@: berserking (expiring), very quick
A: AC +6, unfitting armour, cold-blooded
a: Renounce Religion, Berserk, Trog's Hand


You were on level 8 of the Dungeon.
You worshipped Trog.
Trog was pleased with you.
You visited 1 branch of the dungeon, and saw 8 of its levels.

You collected 160 gold pieces.

Inventory:

Hand Weapons
 a - a +0 hand axe (weapon)
 e - a +0 hunting sling
 l - a +3 shortbow
Missiles
 b - 18 poisoned darts (quivered)
 m - 18 arrows
 p - 19 bolts
Armour
 c - a +0 pair of gloves (worn)
Jewellery
 n - a ring of poison resistance (left hand)
Wands
 k - a wand of acid (10)
Scrolls
 d - a scroll of enchant armour
 f - 2 scrolls of fear {unknown}
 g - 2 scrolls of teleportation
 h - a scroll of summoning {unknown}
 o - a scroll of enchant weapon {unknown}
Potions
 i - a potion of cancellation
 j - a potion of haste


   Skills:
 - Level 3.2 Fighting
 * Level 7.9 Axes
 - Level 2.6 Dodging


You had 5 spell levels left.
You didn't know any spells.
Your spell library was empty.

Dungeon Overview and Level Annotations

Branches:
Dungeon (8/15)             Temple (0/1) D:7            Lair (0/6) D:8

Altars:
Ru
Trog
Xom

Shops:
D:2 *

Annotations:
D:4 Eustachio


Innate Abilities, Weirdness & Mutations

Your plain brown scales are hard. (AC +6)
You cannot fit into any form of body armour.
You are cold-blooded and may be slowed by cold attacks.


Message History

You slash the wight!
You destroy the wight!
Trog accepts your kill.
Your life force feels restored.
Something hits you but does no damage.
Things that are here:
a +3 dagger; a +0 robe You hit something.
Trog accepts your kill.
Trog appreciates your killing of a magic user.
Reactivating autopickup.
You feel a bit more experienced. The wight closely misses you.
Items here: )) [ †.
You closely miss the wight.
The wight hits you with a +0 morningstar!
* * * LOW HITPOINT WARNING * * *
You feel drained.
You hit the wight.
You tail-slap the wight, but do no damage.
The wight is moderately damaged.
You slash the wight! You tail-slap the wight.
You feel the power of Trog in you as your rage grows.
You destroy the wight!
Trog accepts your kill.
Your life force feels restored.
You barely miss the orc warrior.
The orc warrior is moderately wounded.
The orc warrior misses you.
You slash the orc warrior!
The orc warrior is almost dead.
You barely miss the orc warrior.
Your tail-slap misses the orc warrior.
The orc warrior is almost dead.
The orc warrior barely misses you.
You closely miss the orc warrior.
The orc warrior is almost dead.
You closely miss the orc warrior.
The orc warrior is almost dead.
The orc warrior hits you with a +0 short sword!
You die... ....z###>###.# .zz

###
#.#
o
#.#
#.#
#.#
#.#
#o#
#o#
#@#
#)#
##.#
#..#
#.##
#.#
#.#
#.#
#<#


You could see an orc warrior (corroded) and an orc.

Vanquished Creatures
  An ogre (D:5)
  A centaur (D:7)
  A water moccasin skeleton (D:6)
  2 wights (D:8)
  A howler monkey (D:5)
  An orc priest (D:6)
  An orc wizard (D:8)
  4 gnolls
  3 adders (D:2)
  A white imp (D:7)
  A worm (D:2)
  2 dart slugs
  9 orcs
  2 ball pythons
  2 endoplasms
  A giant cockroach (D:2)
  2 hobgoblins
  A kobold (D:2)
  4 bats
  2 frilled lizards
  5 rats
47 creatures vanquished.

Notes
Turn   | Place    | Note
-------+----------+-------------------------------------------
     0 | D:1      | nxtlvl the Draconian Berserker began the quest for the Orb.
     0 | D:1      | Reached XP level 1. HP: 19/19 MP: 1/1
    49 | D:2      | Found Feanucej's General Store.
    64 | D:2      | Reached XP level 2. HP: 26/26 MP: 2/2
   129 | D:2      | Reached skill level 4 in Axes
   348 | D:2      | Reached XP level 3. HP: 30/31 MP: 3/3
   407 | D:1      | Reached XP level 4. HP: 22/38 MP: 4/4
   409 | D:1      | Reached skill level 5 in Axes
   465 | D:2      | Reached ** piety under Trog
   557 | D:5      | Entered Level 5 of the Dungeon
   621 | D:5      | Noticed an ogre
   651 | D:5      | Killed an ogre
   652 | D:5      | Reached skill level 6 in Axes
   652 | D:5      | Reached XP level 5. HP: 42/45 MP: 5/5
   662 | D:4      | Noticed Eustachio
   695 | D:5      | Found a sacrificial altar of Ru.
   695 | D:5      | Found a bloodstained altar of Trog.
   774 | D:6      | Reached XP level 6. HP: 51/51 MP: 6/6
   828 | D:7      | Found a staircase to the Ecumenical Temple.
   873 | D:7      | Reached skill level 7 in Axes
   898 | D:7      | Found a shimmering altar of Xom.
   906 | D:7      | Found a shimmering altar of Xom.
   907 | D:7      | Found a shimmering altar of Xom.
   907 | D:7      | Found a shimmering altar of Xom.
   907 | D:7      | Found a shimmering altar of Xom.
   907 | D:7      | Found a shimmering altar of Xom.
   908 | D:7      | Found a shimmering altar of Xom.
   908 | D:7      | Found a shimmering altar of Xom.
  1012 | D:8      | Found a staircase to the Lair.
  1016 | D:8      | Noticed an orc warrior
  1058 | D:8      | Mangled by an orc warrior

Illustrated notes

Levels and vault maps discovered:
D:1:      matt_arrival_diagonals, layout_basic, minmay_misc_feat_x,
          minivault_23, st_stairs_10, chequers_serial_rivers_small_3,
          minmay_distorted
D:2:      layout_rooms, serial_shops, shop, minmay_tiny_reverse_x
D:3:      layout_basic, mainiacjoe_overflow_six_doors_small,
          basic_ecumenical_altar, minmay_misc_feat_square
D:4:      layout_layer_cave, mainiacjoe_overflow_alcove_2, uniq_eustachio,
          uniq_blork_the_orc
D:5:      layout_loops_ring, grunt_temple_overflow_open
D:6:      wander_river, layout_basic, gammafunk_temple_overflow_pools,
          kennysheep_little_box
D:7:      layout_basic, xom_redecorated, minmay_temple_entry_statues_pillars,
          serial_glass, glass_columns_a, glass_columns_b, glass_columns_b,
          glass_columns_b, glass_columns_a, glass_columns_a, glass_columns_a,
          glass_columns_a, lightli_orcish_oven, uniq_crazy_yiuf_cottage
D:8:      layout_loops_ring, mainiacjoe_overflow_brackets, lair_entry_dummy,
          ebering_ghost_rock_garden, serial_undead, serial_undead_b,
          serial_undead_d, serial_undead_e, serial_undead_f

Skill      XL: |  1  2  3  4  5  6 |
---------------+-------------------+-----
Axes           | 4 6 7 |  7.9
Fighting       | |  3.2
Dodging        | |  2.6

Action                   |  1- 3 |  4- 6 || total
-------------------------+-------+-------++-------
Melee: Hand axe          |    32 |    76 ||   108
       Tailslap          |     1 |    13 ||    14
Throw: Dart              |       |     2 ||     2
Invok: Berserk           |     4 |     5 ||     9
       Trog's Hand       |       |     1 ||     1
Evoke: Wand              |       |     2 ||     2
  Use: Scroll            |       |     4 ||     4
Armor: Skin              |    13 |    10 ||    23
Dodge: Dodged            |    20 |    43 ||    63
